 Dungeon Crawl Stone Soup version 0.22-a0-407-gb098539 (webtiles) character file.

74 dstrtnsr the Chopper (level 4, -2/41 HPs)
             Began as a Hill Orc Berserker on May 10, 2018.
             Was a Believer of Trog.
             Slain by a leopard gecko (3 damage)
             ... on level 3 of the Dungeon.
             The game lasted 00:01:01 (1453 turns).

dstrtnsr the Chopper (Hill Orc Berserker)           Turns: 1453, Time: 00:01:01

Health: -2/41      AC: 10    Str: 20    XL:     4   Next: 30%
Magic:  4/4        EV:  6    Int:  7    God:    Trog [**....]
Gold:   132        SH:  0    Dex: 10    Spells: 3/3 levels left

rFire    . . .     SeeInvis .   a - +0 hand axe
rCold    . . .     Gourm    .   (no shield)
rNeg     . . .     Faith    .   d - +0 plate armour
rPois    .         Spirit   .   (no helmet)
rElec    .         Reflect  .   (no cloak)
rCorr    .         Harm     .   (no gloves)
MR       .....                  (no boots)
Stlth    ..........             (no amulet)
HPRegen  0.13/turn              (no ring)
MPRegen  0.09/turn              (no ring)

@: lethally poisoned (-2 -> -33), berserk cooldown, slowed, very slow
A: no striking features
a: Berserk, Trog's Hand, Renounce Religion, Convert to Beogh


You were on level 3 of the Dungeon.
You worshipped Trog.
Trog was pleased with you.
You were very hungry.

You visited 1 branch of the dungeon, and saw 3 of its levels.

You collected 132 gold pieces.

Inventory:

Hand Weapons
 a - a +0 hand axe (weapon)
Armour
 b - a +0 animal skin
 d - a +0 plate armour (worn)
Jewellery
 k - a +2 ring of evasion {unknown}
Scrolls
 c - a scroll of fear {unknown}
 h - 3 scrolls of remove curse {unknown}
 m - a scroll of enchant weapon {unknown}
 n - a scroll of fog {unknown}
 o - a scroll of identify {unknown}
Potions
 f - 2 potions of lignification {unknown}
 g - a potion of brilliance {unknown}
 i - a potion of magic {unknown}
 l - a potion of invisibility {unknown}
 p - a potion of curing {unknown}
Comestibles
 e - 5 rations {!d}
 j - 2 chunks of flesh


   Skills:
 + Level 4.5 Fighting
 * Level 5.9 Axes
 - Level 2.1 Armour
 - Level 1.5 Dodging


You had 3 spell levels left.
You didn't know any spells.

Dungeon Overview and Level Annotations

Branches:
Dungeon (3/15)

Altars:


Message History

An adder is nearby!
An adder is nearby!
An orc wizard comes into view. It is wielding a dagger of venom.
There are monsters nearby!
The orc wizard shouts!
You hear a shout!
The adder bites you but does no damage.
You hear an angry hiss.
You hear a shout!
You closely miss the adder. The adder bites you but does no damage.
You hit the adder.
The adder is lightly wounded.
The adder bites you but does no damage. x2
You hit the adder but do no damage.
The adder is lightly wounded.
The adder bites you but does no damage.
A kobold comes into view.
The kobold shouts!
You hit the adder.
The adder is severely wounded.
The adder bites you but does no damage.
You hit the adder.
You kill the adder!
Trog accepts your kill.
The orc wizard casts a spell.
The orc wizard flickers and vanishes!
Deactivating autopickup; reactivate with Ctrl-A.
An orc comes into view. It is wielding a flail.
The orc shouts!
You hear a shout!
A red film seems to cover your vision as you go berserk!
You feel yourself moving faster!
You feel mighty!
You are feeling hungry.
An orc comes into view. It is wielding a falchion.
You feel a strong urge to attack something.
The orc shouts!
A leopard gecko and an orc priest come into view.
You closely miss the kobold.
The leopard gecko hisses angrily.
The orc priest shouts, "Surrender to Beogh and we'll let you live!" (press Y on the ability menu to convert to Beogh)
The kobold completely misses you.
You slash the kobold!
You kill the kobold!
Trog accepts your kill.
The orc priest calls down the wrath of Beogh upon you.
Beogh smites you!
You slash the orc!
You kill the orc!
Trog accepts your kill.
Things that are here:
a flail; 16 gold pieces; an orc corpse You feel a strong urge to attack something.
The leopard gecko bites you but does no damage.
You closely miss the leopard gecko. You closely miss something.
The leopard gecko barely misses you. Something hits you but does no damage.
You are poisoned.
The orc priest invokes the aid of Beogh against you.
Beogh smites you!
You miss the leopard gecko. You barely miss something.
You feel sick.
The leopard gecko hisses menacingly.
The leopard gecko completely misses you.
You closely miss the leopard gecko.
Your plate armour prevents you from hitting something.
You are feeling very hungry.
Something hits you but does no damage.
You are more poisoned.
The leopard gecko closely misses you.
You closely miss the leopard gecko. You miss something.
You feel sick. Something hits you but does no damage.
You are more poisoned.
You closely miss the leopard gecko. You closely miss something.
You are no longer berserk.
You are exhausted.
You feel yourself slow down.
You feel sick. The leopard gecko bites you.
Your plate armour prevents you from hitting the leopard gecko.
You miss something.
You feel very sick. The leopard gecko bites you.
Something hits you but does no damage.
You are more poisoned.
The leopard gecko bites you. Something hits you but does no damage.
You are more poisoned.
A worker ant comes into view.
You are too injured to fight recklessly!
You are too injured to fight recklessly!
You are too injured to fight recklessly!
The worker ant twitches its antennae in your direction.
You hit something.
Your plate armour prevents you from hitting the leopard gecko.
* * * LOW HITPOINT WARNING * * *
You feel very sick. The leopard gecko barely misses you.
You hear some strange, mumbled words.
A magic dart appears from out of thin air!
The magic dart hits you!
* * * LOW HITPOINT WARNING * * *
The leopard gecko barely misses you.
You hit something.
You hit the leopard gecko but do no damage.
* * * LOW HITPOINT WARNING * * *
You feel very sick. Something completely misses you.
The leopard gecko bites you.
You die...

##.......#.# #.###.##.#
##.##.......##.#...##.#
## ####.#..##.#.####.#
# #.#..##.#.# #.# #
#.#..##.#.####.#
#...........?#.# ...
##%†......# ####
###{##.### #@##.#
#l##.# #o##.# #o##.#
.a##.# #.##.# ..# ...


You could see a worker ant, an orc priest, an orc and a leopard gecko.

Vanquished Creatures
  Jessica (D:2)
  An adder (D:3)
  A dart slug (D:1)
  A leopard gecko (D:1)
  An orc (D:3)
  A ball python (D:1)
  A giant cockroach (D:1)
  8 goblins
  5 hobgoblins (D:1)
  A quokka (D:2)
  3 bats (D:1)
  3 frilled lizards
  3 kobolds
  6 rats
36 creatures vanquished.

Notes
Turn   | Place    | Note
-------+----------+-------------------------------------------
     0 | D:1      | dstrtnsr the Hill Orc Berserker began the quest for the Orb.
     0 | D:1      | Reached XP level 1. HP: 19/19 MP: 1/1
    38 | D:1      | HP: 8/20 [poisoned by a goblin]
    44 | D:1      | HP: 5/20 [poisoned by a goblin]
    52 | D:1      | HP: 4/20 [poisoned by a goblin]
    60 | D:1      | HP: 2/20 [poisoned by a goblin]
   630 | D:1      | Reached XP level 2. HP: 27/27 MP: 2/2
   847 | D:1      | Reached skill level 5 in Axes
   888 | D:1      | Reached XP level 3. HP: 30/33 MP: 3/3
   957 | D:1      | Reached ** piety under Trog
  1199 | D:2      | Noticed Jessica
  1203 | D:2      | Killed Jessica
  1203 | D:2      | Reached XP level 4. HP: 41/41 MP: 4/4
  1451 | D:3      | HP: 15/41 [leopard gecko (2)]
  1452 | D:3      | HP: 6/41 [something/magic dart (3)]
  1453 | D:3      | HP: 1/41 [poisoned by an orc wizard]
  1453 | D:3      | Slain by a leopard gecko

Vault maps used:
D:1:      nicolae_arrival_washed_ashore
D:2:      uniq_sigmund, uniq_jessica, uniq_terence
D:3:      first_ration

Skill      XL: |  1  2 |
---------------+-------+-----
Fighting       | 4 |  4.5
Axes           | 5 |  5.9
Armour         | |  2.1
Dodging        | |  1.5

Action                   |  1- 3 |  4- 6 || total
-------------------------+-------+-------++-------
Melee: Hand axe          |    62 |    28 ||    90
Invok: Berserk           |     3 |     1 ||     4
 Stab: Sleeping          |     1 |       ||     1
  Eat: Chunk             |     3 |     1 ||     4
Armor: Animal skin       |    13 |       ||    13
       Plate armour      |     8 |    19 ||    27
Dodge: Dodged            |    44 |     9 ||    53

Table legend:
 A = Spawn XP
 B = Non-spawn XP
 C = Spawn XP percentage of total XP
 D = Spawn monster count
 E = Non-spawn monster count
 F = Spawn count percentage of total count
 G = Total turns spent on level
                    A         B        C        D         E        F      G
               +---------+---------+-------+---------+---------+-------+---------
         Total |       0 |     107 |   0.0 |       0 |      36 |   0.0 |  1453
               +---------+---------+-------+---------+---------+-------+---------
           D:1 |       0 |      40 |   0.0 |       0 |      23 |   0.0 |  1114
           D:2 |       0 |      49 |   0.0 |       0 |       9 |   0.0 |   260
           D:3 |       0 |      18 |   0.0 |       0 |       4 |   0.0 |    79
               +---------+---------+-------+---------+---------+-------+---------
